 Dungeon Crawl Stone Soup version 0.22-a0-259-gdd11e71 (webtiles) character file.

70143 RoseArtemis the Warrior (level 14, 0/135 HPs)
             Began as a Minotaur Fighter on Mar 6, 2018.
             Was the Champion of Okawaru.
             Slain by an orc warrior
             ... wielding a +0 battleaxe
              (12 damage)
             ... on level 2 of the Orcish Mines.
             The game lasted 01:17:20 (27261 turns).

RoseArtemis the Warrior (Minotaur Fighter)         Turns: 27261, Time: 01:17:21

Health: 0/135      AC: 11    Str: 27    XL:     14   Next: 93%
Magic:  19/19      EV:  7    Int:  9    God:    Okawaru [******]
Gold:   1296       SH: 14    Dex: 13    Spells: 13/13 levels left

rFire    + . .     SeeInvis +   a - +8 hand axe of Vixoest {flame, Str+4 SInv}
rCold    . . .     Gourm    .   c - +0 shield
rNeg     . . .     Faith    +   J - +5 plate armour "Tierrif" {Int+4 SInv}
rPois    +         Spirit   .   K - +0 hat {SInv}
rElec    .         Reflect  .   j - +1 cloak {+Inv}
rCorr    .         Harm     .   S - +0 pair of gloves of Kulies {rF+ Stlth+}
MR       +....                  (no boots)
Stlth    ..........             k - amulet of faith
HPRegen  0.32/turn              N - ring of stealth
MPRegen  0.16/turn              G - ring of poison resistance

@: about to teleport, corroded, berserk cooldown, slowed, very slow
A: retaliatory headbutt, horns 2
a: Heroism, Finesse, Renounce Religion, Evoke Invisibility


You were on level 2 of the Orcish Mines.
You worshipped Okawaru.
Okawaru was exalted by your worship.
You were not hungry.

You visited 4 branches of the dungeon, and saw 21 of its levels.
You visited 1 bazaar.
You also visited: Labyrinth.

You collected 1740 gold pieces.
You spent 444 gold pieces at shops.

Inventory:

Hand Weapons
 a - the +8 hand axe of Vixoest (weapon) {flame, Str+4 SInv}
   (You found it on level 2 of the Lair of Beasts)

   It has been specially enchanted to burn those struck by it, causing extra
   injury to most foes and up to half again as much damage against particularly
   susceptible opponents.
   Big, fiery blades are also staple armaments of hydra-hunters.
   It affects your strength (+4).
   It lets you see invisible.
 b - a +3 trident of venom
 H - a +6 spear of freezing
Armour
 c - a +0 shield (worn)
 j - a +1 cloak of invisibility (worn)
 J - the +5 plate armour "Tierrif" (worn) {Int+4 SInv}
   (Okawaru gifted it to you on level 10 of the Dungeon)

   It affects your intelligence (+4).
   It lets you see invisible.
 K - a +0 hat of see invisible (worn)
 S - the +0 pair of gloves of Kulies (worn) {rF+ Stlth+}
   (Okawaru gifted it to you on level 6 of the Lair of Beasts)

   It protects you from fire.
   It makes you more stealthy.
Jewellery
 k - an amulet of faith (around neck)
 q - an uncursed ring of positive energy
 y - an uncursed ring of positive energy
 F - an uncursed ring of fire
 G - a ring of poison resistance (right hand)
 L - an uncursed amulet of regeneration
 N - a ring of stealth (left hand)
Wands
 g - a wand of paralysis (7)
 l - a wand of iceblast (5)
 v - a wand of acid (28)
 I - a wand of polymorph (17)
 O - a wand of disintegration (6)
 P - a wand of flame (22)
Scrolls
 h - 2 scrolls of magic mapping
 i - a scroll of enchant weapon {unknown}
 n - 10 scrolls of remove curse
 p - 6 scrolls of teleportation
 t - a scroll of silence {unknown}
 u - 3 scrolls of enchant armour
 w - a scroll of random uselessness {unknown}
 A - 4 scrolls of fog
 B - 2 scrolls of blinking {unknown}
Potions
 d - 3 potions of agility
 e - 3 potions of curing
 o - a potion of haste
 s - 6 potions of lignification
 x - 2 potions of cancellation
 z - a potion of berserk rage
 C - a potion of might
 D - 5 potions of ambrosia
 E - a potion of magic
 M - a potion of invisibility
Comestibles
 f - 27 rations


   Skills:
 + Level 15.4 Fighting
 - Level 11.2(14.0) Axes
 - Level 14.0(15.3) Polearms
 * Level 10.4 Armour
 - Level 15.0 Shields
 - Level 9.0 Invocations
 + Level 3.4 Evocations


You had 13 spell levels left.
You didn't know any spells.

Dungeon Overview and Level Annotations

Branches:
Dungeon (12/15)            Temple (1/1) D:6            Lair (6/6) D:10
  Swamp (0/4) Lair:4        Snake (0/4) Lair:3        Slime (0/5) Lair:6
    Orc (2/2) D:12            Elf (0/3) Orc:2

Altars:
Ashenzari
Cheibriados
Dithmenos
Elyvilon
Fedhas
Gozag
Hepliaklqana
Kikubaaqudgha
Makhleb
Nemelex Xobeh
Okawaru
Qazlal
Ru
Sif Muna
Trog
Uskayaw
Vehumet
Wu Jian
Xom
Yredelemnul
Zin
The Shining One
Beogh

Shops:
D:12 (   Orc:2 !!

Annotations:
D:12 exclusion: oklob plant
Lair:2 exclusion: oklob plant


Innate Abilities, Weirdness & Mutations

You reflexively headbutt those who attack you in melee.
You have a pair of horns on your head.


Message History

An orc priest and a sun demon come into view.
You are no longer berserk.
You are exhausted.
You feel yourself slow down.
The orc priest shouts!
The sun demon shouts!
You hear a shout! x2
The orc priest calls down the wrath of Beogh upon you.
Beogh smites you!
* * * LOW HITPOINT WARNING * * *
You block the orc warrior's attack.
You hear a shout!
You hit the red devil.
The red devil is severely wounded.
You completely miss the orc warrior. You block the red devil's attack.
As you read the scroll of teleportation, it crumbles to dust.
You feel strangely unstable.
The orc sorcerer gestures at you while chanting.
The bolt of fire hits you! You resist.
* * * LOW HITPOINT WARNING * * *
The orc warrior hits you with a battleaxe!
You die...

.. ##.....#.∩### #.#
##....#...###. ..o#
##...#....# #.. #..3#
##..).....####.. #...#
##...###..###.#..
#..o###...###..###.#...
#..4#.).###..###.###..
#.#o#)###..###...####
#o.@###..###.#^...##
##4###..###........#
####..###..........
####..###..#........
##.#..)##............
#.....[..............
##.#.##..............
##.##.##..............
#......##.............


You could see an orc high priest, a sun demon, a rust devil, an orc sorcerer, a
red devil, an orc warrior and an orc priest.

Vanquished Creatures
  Kirke (Lair:5)
  A minotaur (Lab)
  4 hydras
  A catoblepas (Lair:6)
  5 two-headed ogres
  7 death yaks
  A deep troll shaman (Lair:6)
  4 skeletal warriors (D:12)
  The ghost of Fingolfin the Grappler, a novice MiTm of Cheibriados (D:6)
  Pikel (D:6)
  An orc knight (Orc:2)
  3 ugly things (D:12)
  A cyclops (D:12)
  2 orc sorcerers
  41 elephants
  Joseph (D:7)
  A rust devil (Orc:2)
  4 black mambas
  A torpor snail (Lair:2)
  The ghost of Fingolfin the Changer, a novice MiTm (D:4)
  Psyche (D:10)
  9 spiny frogs
  A kobold demonologist (D:12)
  5 komodo dragons
  A red devil (Orc:2)
  4 trolls
  A polar bear (Lair:1)
  A hornet (D:6)
  8 blink frogs
  7 slime creatures
  6 hippogriffs
  2 wyverns
  43 yaks
  2 basilisks (Lair:6)
  5 hogs (Lair:5)
  Menkaure (D:6)
  A hungry ghost (D:8)
  2 wargs
  An acid dragon (D:12)
  12 water moccasins
  2 nagas (Lair:3)
  7 porcupines
  21 orc warriors
  3 sky beasts
  A swamp drake (D:12)
  8 ice beasts
  2 phantoms
  4 black bears
  8 ogres
  3 boggarts (D:12)
  8 centaurs
  23 wolves
  11 crocodiles
  16 bullfrogs
  A big kobold (D:7)
  2 wyvern skeletons
  2 scorpions
  8 wights
  20 killer bees
  An electric eel (Lair:1)
  3 howler monkeys
  A bullfrog zombie (D:4)
  8 hounds
  2 crimson imps
  6 jellies
  29 orc priests
  A bullfrog skeleton (D:4)
  3 centaur skeletons
  6 iguanas
  Terence (D:3)
  20 orc wizards
  8 worker ants
  A killer bee zombie (D:7)
  2 hound zombies (D:4)
  2 hound skeletons
  A howler monkey zombie (D:4)
  4 worker ant zombies
  12 adders
  3 shadow imps
  6 oozes
  3 adder zombies
  An adder skeleton (D:9)
  3 worms
  12 dart slugs
  6 leopard geckos
  73 orcs
  A ball python (D:3)
  8 giant cockroaches
  6 goblins
  8 hobgoblins
  26 jackals
  17 kobolds
  7 quokkas
  A ball python skeleton (D:4)
  7 bats
  A giant cockroach zombie (D:4)
  A jackal skeleton (D:7)
  A jackal zombie (D:4)
  A leopard gecko skeleton (D:4)
  A leopard gecko zombie (D:4)
  7 rats
  5 fungi
  4 plants
665 creatures vanquished.

Vanquished Creatures (others)
  A human (Lair:5)
  A bullfrog zombie (D:6)
  2 adders (D:11)
  A bush (Lair:6)
  17 fungi
  14 plants
36 creatures vanquished.

Grand Total: 701 creatures vanquished

Notes
Turn   | Place    | Note
-------+----------+-------------------------------------------
     0 | D:1      | RoseArtemis the Minotaur Fighter began the quest for the Orb.
     0 | D:1      | Reached XP level 1. HP: 19/19 MP: 0/0
    73 | D:1      | Reached XP level 2. HP: 27/27 MP: 1/1
   614 | D:1      | Reached XP level 3. HP: 33/33 MP: 2/2
  1064 | D:2      | Reached XP level 4. HP: 35/40 MP: 3/3
  1734 | D:3      | Noticed Terence
  1742 | D:3      | Reached XP level 5. HP: 25/47 MP: 4/4
  1753 | D:3      | Killed Terence
  1917 | D:3      | Found a radiant altar of Vehumet.
  2093 | D:3      | Found a hazy altar of Hepliaklqana.
  2093 | D:3      | Found a stormy altar of Qazlal.
  2096 | D:3      | Found a hide-covered altar of Uskayaw.
  2096 | D:3      | Found an ornate altar of the Wu Jian Council.
  2266 | D:4      | Reached skill level 5 in Polearms
  2349 | D:4      | Reached XP level 6. HP: 52/55 MP: 5/5
  2468 | D:4      | Noticed Fingolfin's ghost (novice MiTm)
  2480 | D:4      | Killed Fingolfin's ghost
  2480 | D:4      | Reached skill level 5 in Fighting
  2480 | D:4      | Reached skill level 5 in Armour
  2480 | D:4      | Reached skill level 5 in Shields
  2480 | D:4      | Reached XP level 7. HP: 50/61 MP: 6/6
  3304 | D:4      | Reached XP level 8. HP: 70/70 MP: 7/7
  3381 | D:5      | Entered Level 5 of the Dungeon
  4386 | D:6      | Noticed Fingolfin's ghost (novice MiTm)
  4387 | D:6      | Noticed a hornet
  4399 | D:6      | Killed a hornet
  4549 | D:6      | Killed Fingolfin's ghost
  4549 | D:6      | Reached skill level 10 in Polearms
  4549 | D:6      | Reached XP level 9. HP: 17/80 MP: 8/8
  4913 | D:6      | Noticed Menkaure
  4922 | D:6      | Killed Menkaure
  5126 | D:6      | Found a staircase to the Ecumenical Temple.
  5135 | Temple   | Entered the Ecumenical Temple
  5268 | Temple   | Became a worshipper of Warmaster Okawaru
  5617 | D:6      | Noticed Pikel
  5636 | D:6      | Killed Pikel
  6303 | D:7      | Reached * piety under Okawaru
  6685 | D:7      | Noticed Joseph
  6701 | D:7      | Killed Joseph
  6701 | D:7      | Reached XP level 10. HP: 50/91 MP: 9/9
  7894 | D:7      | Reached ** piety under Okawaru
  8177 | D:8      | Found a sacrificial altar of Ru.
  8235 | D:8      | Noticed a two-headed ogre
  8247 | D:8      | Killed a two-headed ogre
  8458 | D:8      | Reached *** piety under Okawaru
  9116 | D:9      | Reached skill level 10 in Shields
  9116 | D:9      | Reached skill level 1 in Invocations
  9197 | D:9      | Reached skill level 10 in Fighting
  9374 | D:9      | Reached **** piety under Okawaru
  9723 | D:9      | Noticed a two-headed ogre
  9736 | D:9      | Killed a two-headed ogre
 10086 | D:10     | Entered Level 10 of the Dungeon
 10183 | D:10     | Noticed a two-headed ogre
 10200 | D:10     | Killed a two-headed ogre
 10200 | D:10     | Reached XP level 11. HP: 54/101 MP: 11/11
 10439 | D:10     | Found a staircase to the Lair.
 10558 | D:10     | Noticed Psyche
 10577 | D:10     | Killed Psyche
 10577 | D:10     | Reached ***** piety under Okawaru
 11360 | D:10     | Received a gift from Okawaru
 11364 | D:10     | Got a twisted plate armour {god gift}
 11375 | D:10     | Identified the +5 plate armour "Tierrif" {Int+4 SInv} (Okawaru gifted it to you on level 10 of the Dungeon)
 11535 | Lair:1   | Entered Level 1 of the Lair of Beasts
 12049 | Lair:1   | Reached skill level 5 in Invocations
 13316 | Lair:2   | Got a warped hand axe
 13440 | Lair:2   | Noticed a death yak
 13457 | Lair:2   | Killed a death yak
 13457 | Lair:2   | Reached ****** piety under Okawaru
 13457 | Lair:2   | Reached XP level 12. HP: 87/112 MP: 14/14
 14421 | Lair:2   | Identified the +8 hand axe of Vixoest {flame, Str+4 SInv} (You found it on level 2 of the Lair of Beasts)
 14436 | Lair:3   | Found a staircase to the Snake Pit.
 14451 | Lair:3   | Reached skill level 1 in Axes
 14716 | Lair:3   | Received a gift from Okawaru
 15399 | Lair:3   | Received a gift from Okawaru
 15399 | Lair:3   | Reached skill level 5 in Axes
 16419 | Lair:4   | Found a staircase to the Swamp.
 16755 | Lair:5   | Noticed Kirke
 16770 | Lair:5   | Killed Kirke
 16770 | Lair:5   | Received a gift from Okawaru
 16770 | Lair:5   | Reached XP level 13. HP: 112/119 MP: 17/17
 16774 | Lair:5   | Got an iridescent hand axe {god gift}
 16814 | Lair:5   | Identified the +3 hand axe "Ypleniad" {flame, +Rage} (Okawaru gifted it to you on level 5 of the Lair of Beasts)
 17322 | Lair:5   | Received a gift from Okawaru
 17332 | Lair:5   | Reached skill level 10 in Axes
 18300 | Lair:6   | Entered Level 6 of the Lair of Beasts
 18313 | Lair:6   | Found a staircase to the Slime Pits.
 18316 | Lair:6   | Found a labyrinth entrance.
 18453 | Lab      | Entered a labyrinth
 19109 | Lab      | Paralysed by fainting for 9 turns
 19120 | Lab      | Paralysed by fainting for 7 turns
 19141 | Lab      | Paralysed by fainting for 7 turns
 19980 | Lab      | Noticed a minotaur
 19994 | Lab      | Killed a minotaur
 19994 | Lab      | Received a gift from Okawaru
 20309 | Lair:6   | Reached skill level 15 in Shields
 20762 | Lair:6   | Reached XP level 14. HP: 129/129 MP: 19/19
 20818 | Lair:6   | Received a gift from Okawaru
 20821 | Lair:6   | Got a pair of encrusted gloves {god gift}
 20832 | Lair:6   | Identified the +0 pair of gloves of Kulies {rF+ Stlth+} (Okawaru gifted it to you on level 6 of the Lair of Beasts)
 20938 | Lair:6   | HP: 4/129 [death yak (9)]
 22530 | D:11     | Found a flickering gateway to a bazaar.
 22540 | Bazaar   | Entered a bazaar
 22554 | Bazaar   | Found Rythrut's Magic Scroll Shoppe.
 22554 | Bazaar   | Found Sewiu's Armour Emporium.
 22564 | Bazaar   | Bought a +1 cloak of invisibility for 181 gold pieces
 22588 | Bazaar   | Found Zuxa Fufep's Weapon Shoppe.
 22588 | Bazaar   | Found Osith's Antique Weapon Emporium.
 22707 | Bazaar   | Bought a scroll of enchant armour for 127 gold pieces
 22707 | Bazaar   | Bought a scroll of identify for 34 gold pieces
 22707 | Bazaar   | Bought a scroll of identify for 34 gold pieces
 22707 | Bazaar   | Bought a scroll of identify for 34 gold pieces
 22707 | Bazaar   | Bought a scroll of identify for 34 gold pieces
 23611 | D:12     | Found Xeniott's Antique Weapon Boutique.
 23623 | D:12     | Reached skill level 10 in Armour
 24103 | D:12     | Found a staircase to the Orcish Mines.
 24378 | D:12     | Received a gift from Okawaru
 24378 | D:12     | Reached skill level 1 in Evocations
 24751 | D:12     | Reached skill level 15 in Fighting
 25321 | D:12     | Found a blossoming altar of Fedhas.
 25515 | Orc:1    | Entered Level 1 of the Orcish Mines
 25585 | Orc:1    | Found a roughly hewn altar of Beogh.
 26013 | Orc:2    | Entered Level 2 of the Orcish Mines
 26200 | Orc:2    | Found a staircase to the Elven Halls.
 26203 | Orc:2    | Received a gift from Okawaru
 26777 | Orc:2    | Found Rikky's Distillery.
 26794 | Orc:2    | Found Usewkon's Distillery.
 27261 | Orc:2    | Slain by an orc warrior

Vault maps used:
D:1:      erik_arrival_triangle_large
D:3:      grunt_temple_overflow_open, vehumet_crystals, first_ration,
          uniq_terence
D:4:      serial_undead, serial_undead_f, serial_undead_f, serial_undead_d,
          serial_undead_c, serial_undead_b, serial_undead_e
D:5:      kennysheep_slugbush, hangedman_decor_points, minmay_stone_trees_small
D:6:      minmay_temple_entry_trees, uniq_pikel, uniq_menkaure
D:7:      uniq_joseph
D:8:      basic_altar, hangedman_little_slice_of_home
D:9:      kennysheep_generic_room_13
D:10:     lair_entry_dummy, uniq_psyche
D:11:     serial_glass, glass_columns_a, glass_columns_a, serial_shops,
          freezing_bzr
D:12:     erik_orc_1, serial_shops, shop, tgw_fedhas
Temple:   minmay_crystal_spiral_temple
Lair:1:   gammafunk_lair_bear_cave
Lair:2:   minmay_lair_oklob_bushes
Lair:3:   guppyfry_snake_entry_island
Lair:4:   swamp_mist, minivault_23, grunt_megastairs_4
Lair:5:   uniq_kirke
Lair:6:   grunt_lair_end_beastmaster, minmay_slime_entry_pillars,
          lab_entry_generic, hibernation_bobbens
Orc:1:    basic_altar, lemuel_statue_altar
Orc:2:    pf_orc_diabolical
Lab:      labyrinth_watery, nicolae_lab_t_cross
Bazaar:   bazaar_short_row

Skill      XL: |  1  2  3  4  5  6  7  8  9 10 11 12 13 14 |
---------------+-------------------------------------------+-----
Polearms       | 3 4 5 6 7 10 11 13 14 | 14.0
Armour         | 4 5 6 7 10 | 10.4
Shields        | 4 5 6 7 9 10 12 13 15 | 15.0
Fighting       | 4 5 6 7 9 10 12 13 15 | 15.4
Invocations    | 2 5 7 8 9 |  9.0
Axes           | 8 11 | 11.2
Evocations     | 3 |  3.4

Action                   |  1- 3 |  4- 6 |  7- 9 | 10-12 | 13-15 || total
-------------------------+-------+-------+-------+-------+-------++-------
Melee: Trident           |   107 |   128 |   422 |   783 |     9 ||  1449
       Headbutt          |    11 |    16 |    81 |   210 |   302 ||   620
       Hand axe          |       |       |       |   172 |   986 ||  1158
Invok: Heroism           |       |       |       |       |     3 ||     3
       Finesse           |       |       |       |       |     3 ||     3
  Use: Scroll            |       |     4 |     3 |    11 |    14 ||    32
       Potion            |       |     1 |     4 |     2 |     3 ||    10
 Stab: Distracted        |       |       |       |     1 |       ||     1
       Petrified         |       |       |       |       |    12 ||    12
       Confused          |       |       |       |       |     2 ||     2
       Petrifying        |       |       |       |       |     2 ||     2
  Eat: Chunk             |     1 |     4 |    11 |    31 |    21 ||    68
       Ration            |       |       |     1 |     1 |     4 ||     6
Armor: Scale mail        |    28 |    46 |    72 |     1 |       ||   147
       Plate armour      |       |       |       |   224 |   259 ||   483
Dodge: Dodged            |    21 |    29 |    77 |   100 |   117 ||   344
Block: Shield            |    38 |    38 |   138 |   319 |   447 ||   980

Table legend:
 A = Spawn XP
 B = Non-spawn XP
 C = Spawn XP percentage of total XP
 D = Spawn monster count
 E = Non-spawn monster count
 F = Spawn count percentage of total count
 G = Total turns spent on level
                    A         B        C        D         E        F      G
               +---------+---------+-------+---------+---------+-------+---------
         Total |       0 |  100205 |   0.0 |       0 |     656 |   0.0 | 27261
               +---------+---------+-------+---------+---------+-------+---------
           D:1 |       0 |      42 |   0.0 |       0 |      23 |   0.0 |   670
           D:2 |       0 |      87 |   0.0 |       0 |      18 |   0.0 |   811
           D:3 |       0 |     140 |   0.0 |       0 |      32 |   0.0 |   740
           D:4 |       0 |    1159 |   0.0 |       0 |      37 |   0.0 |  1167
           D:5 |       0 |     817 |   0.0 |       0 |      24 |   0.0 |  1029
           D:6 |       0 |    2155 |   0.0 |       0 |      13 |   0.0 |  1665
           D:7 |       0 |    1732 |   0.0 |       0 |      38 |   0.0 |  1822
           D:8 |       0 |    2353 |   0.0 |       0 |      34 |   0.0 |  1027
           D:9 |       0 |    2045 |   0.0 |       0 |      19 |   0.0 |   984
          D:10 |       0 |    4011 |   0.0 |       0 |      27 |   0.0 |  1495
          D:11 |       0 |    3469 |   0.0 |       0 |      24 |   0.0 |  1138
          D:12 |       0 |   12188 |   0.0 |       0 |      72 |   0.0 |  1904
        Lair:1 |       0 |    4858 |   0.0 |       0 |      22 |   0.0 |  1611
        Lair:2 |       0 |    3612 |   0.0 |       0 |      15 |   0.0 |  1314
        Lair:3 |       0 |    2435 |   0.0 |       0 |      12 |   0.0 |   984
        Lair:4 |       0 |    8845 |   0.0 |       0 |      32 |   0.0 |  1265
        Lair:5 |       0 |   17289 |   0.0 |       0 |      41 |   0.0 |  1710
        Lair:6 |       0 |   24425 |   0.0 |       0 |      76 |   0.0 |  2092
         Orc:1 |       0 |    1978 |   0.0 |       0 |      15 |   0.0 |   498
         Orc:2 |       0 |    5350 |   0.0 |       0 |      81 |   0.0 |  1248
           Lab |       0 |    1215 |   0.0 |       0 |       1 |   0.0 |  1708
               +---------+---------+-------+---------+---------+-------+---------
